 Dungeon Crawl Stone Soup version 0.30-a0-847-g17996783a1 (webtiles) character file.

Game seed: 11693580326504158709

62 Darkkill the Shooter (level 3, 0/31 HPs)
             Began as a Minotaur Hunter on Mar 3, 2023.
             Succumbed to Terence's poison
             ... on level 2 of the Dungeon.
             The game lasted 00:02:25 (817 turns).

Darkkill the Shooter (Minotaur Hunter)               Turns: 817, Time: 00:02:26

Health: 0/31       AC:  3    Str: 15    XL:     3   Next: 85%
Magic:  2/2        EV: 12    Int:  6    God:
Gold:   98         SH:  0    Dex: 15    Spells: 2/2 levels left

rFire   . . .      SeeInvis .    a - +1 shortbow
rCold   . . .      Faith    .    (shield currently unavailable)
rNeg    . . .      Spirit   .    c - +0 leather armour
rPois   .          Reflect  .    (helmet restricted)
rElec   .          Rampage  .    (no cloak)
rCorr   .                        (no gloves)
Will    .....                    (no boots)
Stlth   ++                       (no amulet)
HPRegen 0.25/turn                (no ring)
MPRegen 0.08/turn                (no ring)

@: lethally poisoned (0 -> -17)
A: horns 2, retaliatory headbutt
a: no special abilities


You were on level 2 of the Dungeon.
You visited 1 branch of the dungeon, and saw 3 of its levels.

You collected 98 gold pieces.

Inventory:

Hand Weapons
 a - a +1 shortbow (weapon)
Missiles
 d - 42 stones
 f - 5 curare-tipped darts {=f !f}
 j - 6 javelins
 l - 5 poisoned darts
Armour
 c - a +0 leather armour (worn)
 n - the +0 plate armour of Waekoej {Regen+ Dex-2 Slay-2 SInv}
   (You found it on level 3 of the Dungeon)

   Dex:       It affects your dexterity (-2).
   Slay:      It affects your accuracy & damage with ranged weapons and melee
   (-2).
   SInv:      It lets you see invisible.
   Regen:     It increases your rate of health regeneration.
Scrolls
 b - a scroll of immolation
 g - 3 scrolls of teleportation
 m - a scroll of identify {@r1}
Potions
 e - 2 potions of lignification
 h - a potion of heal wounds {unknown}
 i - a potion of haste {unknown}
 k - a potion of curing {unknown}
 o - a potion of berserk rage {unknown}


   Skills:
 + Level 3.3 Fighting
 + Level 4.8 Ranged Weapons
 + Level 3.0 Dodging
 + Level 1.6 Stealth


You had 2 spell levels left.
You didn't know any spells.
Your spell library contained the following spells:

 Spells                   Type           Power      Damage    Failure   Level
 Apportation              Tloc           0%         N/A       52%         1
 Tukima's Dance           Hex            0%         N/A       88%         3
 Passage of Golubria      Tloc           0%         N/A       99%         4
 Alistair's Intoxication  Tmut/Pois      0%         N/A       100%        5
 Yara's Violent Unravell  Hex/Tmut       0%         3d3       100%        5


Dungeon Overview and Level Annotations

Branches:
Dungeon (3/15)

Altars:

Annotations:
D:2 Terence
D:3 1 transporter


Innate Abilities, Weirdness & Mutations

You have a pair of horns on your head.
You reflexively headbutt those who attack you in melee.


Message History

The hobgoblin shouts!
The arrow hits the hobgoblin but does no damage.
You shoot an arrow. The arrow hits the hobgoblin!
You kill the hobgoblin!
m - a scroll of identify {@r1};
d - 36 stones (gained 2)
There is an open door here.
Items here: ))) [ †††.
Things that are here:
a +0 mace; a +0 scale mail
m - 2 scrolls of identify {@r1} (gained 1)
Things that are here:
a +0 trident; an orc corpse
There is an escape hatch in the floor here.
n - the +0 plate armour of Waekoej {Regen+ Dex-2 Slay-2 SInv} No target in view!
A bat comes into view.
You shoot an arrow. The arrow hits the bat!
You kill the bat!
No target in view!
Found a transporter.
Found a stone staircase leading up.
You pick up Great Wizards, Vol.
VII and begin reading...
You add the spells Tukima's Dance, Passage of Golubria and Yara's Violent Unravelling to your library.
No target in view!
Found a trident.
Found a stone staircase leading up.
No target in view!
You see here a +0 trident.
o - a scroll labelled PAV JACLATZ
There is a stone staircase leading up here.
The air fills with toxic fumes!
As you read the scroll labelled PAV JACLATZ, it crumbles to dust.
It was a scroll of poison.
You can't go down here!
You can't go down here!
You climb upwards.
A sourceless malevolence fills the Dungeon... and a teleportation trap spontaneously manifests!
You are yanked towards a nearby monster!
Your surroundings suddenly seem different.
Found 6 stones.
A rat is nearby!
A rat is nearby!
You shoot an arrow. The arrow hits the rat!
You kill the rat!
No target in view!
d - 42 stones (gained 6)
There is a stone staircase leading down here.
o - a pink potion No target in view!
Found a robe.
No target in view!
p - a scroll labelled WAMOARAFFI A rat comes into view.
You shoot an arrow. The arrow closely misses the rat.
A rat is nearby!
You shoot an arrow. The arrow hits the rat.
The rat is moderately wounded.
A rat is nearby!
You shoot an arrow. The arrow hits the rat.
You kill the rat!
No target in view!
You see here a rat corpse.
Terence the Incautious comes into view.
He is wielding a +0 morningstar of venom.
You shoot an arrow. The arrow barely misses Terence.
You shoot an arrow.
The arrow hits Terence but does no damage.
You shoot an arrow.
The arrow hits Terence but does no damage.
You shoot an arrow. The arrow barely misses Terence.
You shoot an arrow. The arrow hits Terence.
Terence is lightly wounded.
Terence barely misses you.
You shoot an arrow. The arrow hits Terence.
Terence is lightly wounded.
Terence hits you with a +0 morningstar of venom.
You are poisoned.
Terence hits you with a +0 morningstar of venom!
You are lethally poisoned!
You are too injured to fight recklessly!
You are too injured to fight recklessly!
You are too injured to fight recklessly!
You are too injured to fight recklessly!
Fire: a) +1 shortbow
Press: ? - help, Q - select action, (/) - cycle Shift-Dir - straight line, f/p - Terence
Aim: Terence, wielding a +0 morningstar of venom and wearing a +0 chain mail (lightly wounded, 70% to hit)
You shoot an arrow. The arrow hits Terence.
Terence is moderately wounded.
* * * LOW HITPOINT WARNING * * *
You feel extremely sick. Terence barely misses you.
Unknown command.
As you read the scroll labelled WAMOARAFFI, it crumbles to dust.
You hear a loud clanging noise!
It was a scroll of noise.
* * * LOW HITPOINT WARNING * * *
You feel very sick.
You hear an angry hiss.
Terence misses you. You furiously retaliate!
You headbutt Terence!
As you read the scroll of identify {@r1}, it crumbles to dust.
e - 2 potions of lignification You die...

...........
...........####.
................
##............
............
#........#
..###.....@..#
.........@..#...
##.............
.####....#####.#.#
........## ..
.##....†###### .
.#...........# #
.........[...# .##.
.#...........####.#..
#...................#


You could see Terence.

Vanquished Creatures
  2 adders (D:3)
  4 orcs (D:3)
  7 ball pythons
  3 endoplasms
  A giant cockroach (D:3)
  A goblin (D:3)
  3 hobgoblins
  3 jackals (D:2)
  A quokka (D:1)
  3 bats
  A frilled lizard (D:3)
  4 kobolds
  6 rats
39 creatures vanquished.

Notes
Turn   | Place    | Note
-------+----------+-------------------------------------------
     0 | D:1      | Darkkill the Minotaur Hunter began the quest for the Orb.
     0 | D:1      | Reached XP level 1. HP: 18/18 MP: 0/0
   144 | D:1      | Reached skill level 1 in Stealth
   212 | D:1      | Reached XP level 2. HP: 25/25 MP: 1/1
   534 | D:2      | You fall into a shaft and drop 1 floor!
   597 | D:3      | Reached XP level 3. HP: 31/31 MP: 2/2
   739 | D:3      | Identified the +0 plate armour of Waekoej {Regen+ Dex-2
                  | Slay-2 SInv}
   744 | D:3      | Noticed an ogre
   745 | D:3      | Found a transporter.
   808 | D:2      | Noticed Terence
   816 | D:2      | HP: 4/31 [poisoned by Terence]
   817 | D:2      | Succumbed to Terence's poison

Illustrated notes

Levels and vault maps discovered:
D:1:      minmay_arrival_stair_chambers, layout_rooms, grunt_decor_fettered
D:2:      minmay_door_path, layout_basic, hangedman_decor_peaks_small,
          hangedman_decor_push, uniq_terence
D:3:      layout_basic, gammafunk_ghost_smash

Skill      XL: |  1  2  3 |
---------------+----------+-----
Stealth        | 1 |  1.6
Fighting       | 3 |  3.3
Dodging        | 3 |  3.0
Ranged Weapons | |  4.8

Action                     || total
---------------------------++-------
   Fire: Shortbow          ||    90
    Use: Scroll            ||     7
 Armour: Leather armour    ||     5
  Dodge: Dodged            ||    22

Table legend: (Time is in decaauts)
 A = Elapsed time spent in this place.
 B = Non-inter-level travel time spent in this place.
 C = Inter-level travel time spent in this place.
 D = Time resting spent in this place.
 E = Time spent auto-exploring this place.
 F = Levels seen in this place.
 G = Mean time per level.
                   A        B        C        D        E       F      G
               +--------+--------+--------+--------+--------+-----+--------+
         Total |    843 |    829 |     14 |     31 |    586 |   3 |  281.0 |
       Dungeon |    843 |    829 |     14 |     31 |    586 |   3 |  281.0 |
               +--------+--------+--------+--------+--------+-----+--------+

Top non-repeatable levels by time:
     D:1: 458 daAuts
     D:3: 245 daAuts
     D:2: 140 daAuts

Table legend:
 A = Kills in this place as a percentage of kills in the entire game.
 B = Kills by you in this place as a percentage of kills by you in the entire game.
 C = Kills by friends in this place as a percentage of kills by friends in the entire game.
 D = Other kills in this place as a percentage of other kills in the entire game.
 E = Experience gained in this place as a percentage of experience gained in the entire game.
 F = Experience gained in this place divided by the number of levels of this place that you have seen.
                   A       B       C       D       E      F
               +-------+-------+-------+-------+-------+----------------------
         Total | 100.0 | 100.0 |   N/A |   N/A | 100.0 |  29.7
       Dungeon | 100.0 | 100.0 |   N/A |   N/A | 100.0 |  29.7
               +-------+-------+-------+-------+-------+----------------------
